 Dungeon Crawl Stone Soup version 0.26.1-11-gd32895ea62 (webtiles) character file.

Game seed: 11725432336126956728

238 jlumianski the Grasshopper (level 6, -3/50 HPs)
             Began as a Gnoll Warper on June 24, 2021.
             Slain by a worker ant (7 damage)
             ... on level 5 of the Dungeon.
             The game lasted 00:10:37 (2142 turns).

jlumianski the Grasshopper (Gnoll Warper)           Turns: 2142, Time: 00:10:37

Health: -3/50      AC:  7    Str: 13    XL:     6   Next: 7%
Magic:  7/13       EV: 13    Int: 17    God:
Gold:   71         SH:  0    Dex: 15    Spells: 7/15 levels left

rFire    . . .     SeeInvis +   v - +1 war axe
rCold    . . .     Faith    .   (no shield)
rNeg     . . .     Spirit   .   c - +0 ring mail
rPois    .         Reflect  .   (no helmet)
rElec    .         Harm     .   (no cloak)
rCorr    .         Rampage  .   h - +0 pair of gloves
Will     .....                  s - +0 pair of boots
Stlth    +.........             (no amulet)
HPRegen  0.16/turn              x - ring of see invisible
MPRegen  0.13/turn              (no ring)

@: mighty, lethally poisoned (-3 -> -4)
A: distributed training, fangs 1, strong nose
a: no special abilities


You were on level 5 of the Dungeon.
You visited 1 branch of the dungeon, and saw 5 of its levels.

You collected 71 gold pieces.

Inventory:

Hand Weapons
 a - a +0 hand axe
 v - a +1 war axe (weapon)
Missiles
 e - 5 boomerangs of dispersal
 f - 87 stones (quivered)
 i - 38 sling bullets
Armour
 b - a +0 leather armour
 c - a +0 ring mail (worn)
 h - a +0 pair of gloves (worn)
 s - a +0 pair of boots (worn)
 t - a +0 buckler
Jewellery
 o - an uncursed ring of protection from cold
 x - a ring of see invisible (left hand)
Wands
 n - a wand of digging (5)
Scrolls
 d - a scroll of blinking
Potions
 g - a potion of resistance {unknown}
 k - a potion of brilliance
 l - a potion of heal wounds
 m - a potion of haste
 p - a potion of curing {unknown}
 q - a potion of berserk rage {unknown}
 r - a potion of invisibility {unknown}


   Skills:
 + Level 4.9 Fighting
 + Level 1.8 Short Blades
 + Level 1.8 Long Blades
 + Level 4.9 Axes
 + Level 1.8 Maces & Flails
 + Level 1.8 Polearms
 + Level 1.8 Staves
 + Level 1.8 Slings
 + Level 1.8 Bows
 + Level 1.8 Crossbows
 + Level 3.1 Throwing
 + Level 3.1 Armour
 + Level 4.9 Dodging
 + Level 1.8 Stealth
 + Level 1.8 Shields
 + Level 1.8 Unarmed Combat
 + Level 5.3 Spellcasting
 + Level 1.4 Conjurations
 + Level 1.4 Hexes
 + Level 1.4 Summonings
 + Level 1.4 Necromancy
 + Level 5.6 Translocations
 + Level 1.4 Transmutations
 + Level 1.4 Fire Magic
 + Level 1.4 Ice Magic
 + Level 1.4 Air Magic
 + Level 1.4 Earth Magic
 + Level 1.4 Poison Magic
 + Level 2.0 Invocations
 + Level 1.8 Evocations


You had 7 spell levels left.
You knew the following spells:

 Your Spells              Type           Power        Failure   Level
a - Blink                 Tloc           N/A          4%          2
b - Lesser Beckoning      Tloc           11%          9%          3
c - Gell's Gravitas       Tloc           11%          9%          3

Your spell library contained the following spells:

 Spells                   Type           Power        Failure   Level
 Teleport Other           Tloc           23%          9%          3
 Passage of Golubria      Tloc           N/A          28%         4


Dungeon Overview and Level Annotations

Branches:
Dungeon (6/15)
 Temple: D:4-7

Altars:
Trog
Wu Jian


Innate Abilities, Weirdness & Mutations

Your experience applies equally to all skills.
You have very sharp teeth.
Your uncanny sense of smell can sniff out nearby items.


Message History

You see here a stone.
You see here a stone.
Throw: 89 stones
Press: ? - help, Q - select action, (/) - cycle Shift-Dir - straight line, f - worker ant
Aim: a worker ant (62% to hit)
You throw a stone.
The stone hits the worker ant but does no damage.
You feel sick.
Throw: 88 stones
Press: ? - help, Q - select action, (/) - cycle Shift-Dir - straight line, f/p - worker ant
Aim: a worker ant (62% to hit)
You throw a stone.
The stone hits the worker ant but does no damage.
You closely miss the worker ant. The worker ant bites you.
* * * LOW HITPOINT WARNING * * *
You slash the worker ant!
The worker ant is severely wounded.
The worker ant bites you but does no damage.
The worker ant bites you!
You die...

## #. .###### #>
###......
#.##......##
#.#........#
###.#.....#(###
####...#..#..(_...
......#...@..#.#
#..>.>(B....#
#...#.)(#.##.#
........(##.# #
###...##.# .. ##.#
... ### ... ..#..
### ##. .## ## ##


You could see a worker ant.

Vanquished Creatures
  A bullfrog (D:6)
  A jelly (D:5)
  A worker ant (D:5)
  A hound skeleton (D:2)
  4 adders (D:2)
  A worm (D:2)
  A dart slug (D:2)
  5 leopard geckos
  An orc (D:5)
  4 bats
  4 giant cockroaches
  4 goblins
  8 hobgoblins
  8 jackals (D:1)
  A quokka (D:2)
  A ball python (D:1)
  6 frilled lizards
  6 kobolds
  4 rats
62 creatures vanquished.

Notes
Turn   | Place    | Note
-------+----------+-------------------------------------------
     0 | D:1      | jlumianski the Gnoll Warper began the quest for the Orb.
     0 | D:1      | Reached XP level 1. HP: 20/20 MP: 6/6
   280 | D:1      | Reached XP level 2. HP: 26/26 MP: 7/7
   446 | D:1      | Reached XP level 3. HP: 31/31 MP: 9/9
   496 | D:1      | Reached skill level 5 in Spellcasting
   562 | D:1      | Learned a level 2 spell: Blink
   566 | D:1      | Learned a level 3 spell: Lesser Beckoning
   887 | D:1      | Learned a level 3 spell: Gell's Gravitas
   897 | D:1      | Reached skill level 1 in Invocations
  1071 | D:2      | Reached skill level 1 in Short Blades
  1071 | D:2      | Reached skill level 1 in Long Blades
  1071 | D:2      | Reached skill level 1 in Maces & Flails
  1071 | D:2      | Reached skill level 1 in Polearms
  1071 | D:2      | Reached skill level 1 in Staves
  1071 | D:2      | Reached skill level 1 in Slings
  1071 | D:2      | Reached skill level 1 in Bows
  1071 | D:2      | Reached skill level 1 in Crossbows
  1071 | D:2      | Reached skill level 1 in Stealth
  1071 | D:2      | Reached skill level 1 in Shields
  1071 | D:2      | Reached skill level 1 in Unarmed Combat
  1071 | D:2      | Reached skill level 1 in Evocations
  1121 | D:2      | Reached XP level 4. HP: 38/38 MP: 3/11
  1481 | D:2      | Reached skill level 1 in Conjurations
  1481 | D:2      | Reached skill level 1 in Hexes
  1481 | D:2      | Reached skill level 1 in Summonings
  1481 | D:2      | Reached skill level 1 in Necromancy
  1481 | D:2      | Reached skill level 1 in Transmutations
  1481 | D:2      | Reached skill level 1 in Fire Magic
  1481 | D:2      | Reached skill level 1 in Ice Magic
  1481 | D:2      | Reached skill level 1 in Air Magic
  1481 | D:2      | Reached skill level 1 in Earth Magic
  1481 | D:2      | Reached skill level 1 in Poison Magic
  1815 | D:2      | Found an ornate altar of the Wu Jian Council.
  1824 | D:2      | Reached XP level 5. HP: 38/43 MP: 5/12
  2060 | D:3      | You fall into a shaft and drop 3 floors!
  2060 | D:6      | Noticed a two-headed ogre
  2062 | D:6      | Noticed a water moccasin
  2063 | D:6      | Noticed a sky beast
  2113 | D:5      | Entered Level 5 of the Dungeon
  2113 | D:5      | Found a bloodstained altar of Trog.
  2118 | D:5      | Reached XP level 6. HP: 15/50 MP: 4/13
  2142 | D:5      | Slain by a worker ant

Illustrated notes

Levels and vault maps discovered:
D:1:      minmay_arrival_hallway, layout_rooms, minmay_pentomino_t2
D:2:      layout_basic, lemuel_crystal_altar
D:3:      layout_rooms
D:5:      kennysheep_kobold_camp, layout_loops_ring, doesnt_xom_only_xom,
          lemuel_crystal_altar, roderic_lattice_a
D:6:      layout_rooms, general_overflow_altar, lemuel_round_altar,
          kennysheep_little_box, serial_shops, shop, nicolae_shop_statue_plus,
          shop, kennysheep_mini

Skill      XL: |  1  2  3  4  5 |
---------------+----------------+-----
Spellcasting   | 5 |  5.3
Invocations    | 1 2 |  2.0
Short Blades   | 1 |  1.8
Long Blades    | 1 |  1.8
Maces & Flails | 1 |  1.8
Polearms       | 1 |  1.8
Staves         | 1 |  1.8
Slings         | 1 |  1.8
Bows           | 1 |  1.8
Crossbows      | 1 |  1.8
Stealth        | 1 |  1.8
Shields        | 1 |  1.8
Unarmed Combat | 1 |  1.8
Evocations     | 1 |  1.8
Conjurations   | 1 |  1.4
Hexes          | 1 |  1.4
Summonings     | 1 |  1.4
Necromancy     | 1 |  1.4
Transmutations | 1 |  1.4
Fire Magic     | 1 |  1.4
Ice Magic      | 1 |  1.4
Air Magic      | 1 |  1.4
Earth Magic    | 1 |  1.4
Poison Magic   | 1 |  1.4
Throwing       | 3 |  3.1
Armour         | 3 |  3.1
Fighting       | |  4.9
Axes           | |  4.9
Dodging        | |  4.9
Translocations | |  5.6

Action                   |  1- 3 |  4- 6 || total
-------------------------+-------+-------++-------
Melee: Hand axe          |   126 |    72 ||   198
       Bite              |     6 |     7 ||    13
       Punch             |     1 |     1 ||     2
       War axe           |       |    13 ||    13
Throw: Stone             |     7 |    27 ||    34
 Cast: Gell's Gravitas   |     2 |     6 ||     8
       Blink             |       |     2 ||     2
       Lesser Beckoning  |       |     1 ||     1
  Use: Potion            |     3 |     4 ||     7
       Scroll            |       |     3 ||     3
Armor: Ring mail         |    52 |    39 ||    91
Dodge: Dodged            |   113 |    68 ||   181
